 Dungeon Crawl Stone Soup version 0.23.0-41-g86b089e62c (webtiles) character file.

Game seed: 10373813485139802413

44 Freyura the Ducker (level 3, -2/17 HPs)
             Began as a Felid Berserker on Feb 28, 2019.
             Was a Believer of Trog.
             Killed by nerve-wracking pain
             ... invoked by Jessica
              (14 damage)
             ... on level 2 of the Dungeon.
             The game lasted 00:04:30 (1160 turns).

Freyura the Ducker (Felid Berserker)                Turns: 1160, Time: 00:04:30

Health: -2/17      AC:  1    Str: 13    XL:     3   Next: 39%
Magic:  4/4        EV: 20    Int:  8    God:    Trog [**....]
Gold:   27         SH:  0    Dex: 16    Spells: 2/2 levels left
                                        Lives:  0   Deaths: 0

rFire    . . .     SeeInvis +     - Unarmed
rCold    . . .     Gourm    .   (shield unavailable)
rNeg     . . .     Faith    .   (armour unavailable)
rPois    .         Spirit   .   (helmet unavailable)
rElec    .         Reflect  .   (cloak unavailable)
rCorr    .         Harm     .   (gloves unavailable)
MR       .....                  (boots unavailable)
Stlth    ++........             (no amulet)
HPRegen  0.05/turn              (no ring)
MPRegen  0.09/turn              (no ring)

@: quick
A: very small, no armour, no weapons or thrown items, stealth, claws 1, fangs 3,
see invisible, carnivore, speed 1, shaggy fur 1, slow metabolism 1, sharp paws
a: Berserk, Trog's Hand, Renounce Religion


You were on level 2 of the Dungeon.
You worshipped Trog.
Trog was pleased with you.
You were not hungry.

You visited 1 branch of the dungeon, and saw 2 of its levels.

You collected 27 gold pieces.

Inventory:

Scrolls
 c - a scroll of remove curse {unknown}
Potions
 b - a potion of heal wounds {unknown}
 d - 2 potions of curing {unknown}
Comestibles
 a - 3 rations


   Skills:
 * Level 3.5 Fighting
 + Level 4.5 Dodging
 + Level 0.2 Stealth
 * Level 3.6 Unarmed Combat


You had 2 spell levels left.
You didn't know any spells.
Your spell library was empty.

Dungeon Overview and Level Annotations

Branches:
Dungeon (2/15)

Altars:

Annotations:
D:2 Jessica


Innate Abilities, Weirdness & Mutations

You cannot wear armour.
You are incapable of wielding weapons or throwing items.
Your paws allow you to move quietly. (Stealth)
You have sharp claws.
You have razor-sharp teeth.
You have supernaturally acute eyesight. (SInv)
You are carnivorous and can eat meat at any time.
You cover ground quickly.
You are covered in fur. (AC +1)
You have a slow metabolism.
Your sharp claws are effective at attacking unaware monsters.


Message History

The stone completely misses you.
Found a ration.
You claw the jackal!
You kill the jackal!
Trog accepts your kill.
You barely miss Jessica. Jessica casts a spell at you.
You barely resist.
The goblin shoots a stone.
The stone completely misses you. Jessica barely misses you.
You completely miss Jessica. Jessica closely misses you.
The goblin shoots a stone.
The stone completely misses you.
You scratch Jessica.
Jessica is moderately wounded.
Jessica closely misses you.
The goblin shoots a stone.
The stone misses you.
You barely miss Jessica. You claw Jessica, but do no damage.
Jessica is moderately wounded.
Jessica points at you and mumbles some strange words.
Pain shoots through your body!
Ouch! That really hurt!
You die...

######## #......##
#.......# ####.......#
##+###### #...####...#
.......(###...####...##
.......@†(...........†#
......@.###...####....#
......g.# #...# ####.#
.[......# #...# #.#
........# #...# #.#
%.......# ##### #.#
........# #.# #########
#.# #.#


You could see Jessica and a goblin.

Vanquished Creatures
  2 oozes (D:1)
  A dart slug (D:1)
  A giant cockroach (D:1)
  4 goblins
  3 hobgoblins (D:1)
  3 jackals (D:2)
  A ball python (D:1)
  6 bats (D:1)
  A frilled lizard (D:1)
  3 kobolds (D:1)
  7 rats
32 creatures vanquished.

Notes
Turn   | Place    | Note
-------+----------+-------------------------------------------
     0 | D:1      | Freyura the Felid Berserker began the quest for the Orb.
     0 | D:1      | Reached XP level 1. HP: 10/10 MP: 2/2
   161 | D:1      | Reached XP level 2. HP: 14/14 MP: 3/3
   779 | D:1      | Reached XP level 3. HP: 14/17 MP: 4/4
   930 | D:1      | Reached ** piety under Trog
  1151 | D:2      | Noticed Jessica
  1160 | D:2      | Killed from afar by Jessica

Action                   || total
-------------------------++-------
Melee: Unarmed           ||    77
       Bite              ||     4
       Punch             ||     1
 Stab: Sleeping          ||     2
Armor: Skin              ||     3
Dodge: Dodged            ||    61
